 Dungeon Crawl Stone Soup version 0.28.0-43-g3370ac3207 (webtiles) character file.

Game seed: 8196304659171934192

37 silky the Grasshopper (level 3, 0/18 HPs)
             Began as a Spriggan Warper on Mar 29, 2022.
             Was a High Priest of Ignis.
             Succumbed to an adder's poison
             ... on level 2 of the Dungeon.
             The game lasted 00:12:57 (1253 turns).

silky the Grasshopper (Spriggan Warper)             Turns: 1253, Time: 00:12:58

Health: 0/18       AC:  2    Str:  9    XL:     3   Next: 23%
Magic:  8/8        EV: 17    Int: 14    God:    Ignis [*****.]
Gold:   69         SH:  0    Dex: 14    Spells: 7/7 levels left

rFire   + . .      SeeInvis +   a - +0 short sword
rCold   . . .      Faith    .   (no shield)
rNeg    . . .      Spirit   .   b - +0 robe
rPois   .          Reflect  .   (helmet restricted)
rElec   .          Harm     .   (no cloak)
rCorr   .          Rampage  .   (gloves unavailable)
Will    .....                   (boots unavailable)
Stlth   +.........              (no amulet)
HPRegen 0.06/turn               (no ring)
MPRegen 0.11/turn               (no ring)

@: lethally poisoned (0 -> -6), very quick
A: very small, no large weapons, unfitting armour, see invisible, speed 3
a: Renounce Religion, Fiery Armour, Foxfire Swarm, Rising Flame


You were on level 2 of the Dungeon.
You worshipped Ignis.
Ignis was extremely pleased with you.
You visited 1 branch of the dungeon, and saw 2 of its levels.

You collected 69 gold pieces.

Inventory:

Hand Weapons
 a - a +0 short sword (weapon)
 g - a +0 whip
 h - a +0 dagger
Missiles
 d - 5 boomerangs of dispersal (quivered)
 e - 30 bolts
 f - 40 stones
 i - 5 boomerangs
Armour
 b - a +0 robe (worn)
 k - a +0 robe
Scrolls
 c - a scroll of blinking
Potions
 j - a potion of resistance {unknown}
 l - a potion of might {unknown}


   Skills:
 + Level 2.0 Fighting
 + Level 2.7 Short Blades
 + Level 1.0 Throwing
 + Level 3.5 Dodging
 + Level 2.8 Spellcasting
 + Level 5.1 Translocations


You had 7 spell levels left.
You didn't know any spells.
Your spell library contained the following spells:

 Spells                   Type           Power      Damage    Failure   Level
 Blink                    Tloc           32%        N/A       4%          2
 Gell's Gravitas          Tloc           16%        N/A       8%          3
 Lesser Beckoning         Tloc           16%        N/A       8%          3
 Teleport Other           Tloc           16%        N/A       8%          3
 Ensorcelled Hibernation  Hex/Ice        4%         N/A       32%         2
 Spider Form              Tmut/Pois      2%         N/A       54%         3
 Manifold Assault         Tloc           16%        N/A       58%         5
 Anguish                  Hex/Necr       1%         N/A       91%         4
 Alistair's Intoxication  Tmut/Pois      1%         N/A       99%         5
 Borgnjor's Vile Clutch   Necr/Erth      1%         N/A       99%         5
 Eringya's Noxious Bog    Tmut/Pois      1%         N/A       100%        6


Dungeon Overview and Level Annotations

Branches:
Dungeon (2/15)

Altars:
Ignis


Innate Abilities, Weirdness & Mutations

You are very small and have problems with some larger weapons.
You are too small for most types of armour.
You have supernaturally acute eyesight. (SInv)
You cover ground extremely quickly. (Speed+++)


Message History

There are no items here.
A goblin comes into view. It is wielding a +0 club.
The goblin unwields a +0 club.
The goblin wields a +0 hunting sling.
The goblin shoots a stone.
The stone closely misses you.
The goblin shoots a stone.
The stone closely misses you.
The goblin shoots a stone.
The stone closely misses you.
A frilled lizard comes into view.
The frilled lizard hisses angrily.
You barely miss the goblin.
The goblin unwields a +0 hunting sling.
The goblin wields a +0 club.
The goblin hits you with a +0 club.
You hit the goblin.
The goblin is moderately wounded.
You hit the goblin.
You kill the goblin!
Things that are here:
a +0 club; a +0 hunting sling; 28 stones You hit the frilled lizard.
The frilled lizard is heavily wounded.
The frilled lizard bites you but does no damage.
You hit the frilled lizard.
You kill the frilled lizard!
You see here a frilled lizard corpse.
An adder comes into view.
The adder bites you.
You are poisoned.
The adder poisons you!
You feel sick. The adder bites you.
You are more poisoned.
The adder poisons you!
You miss the adder.
You feel sick. The adder bites you but does no damage.
You closely miss the adder.
You feel sick. The adder bites you but does no damage.
You miss the adder.
You feel sick. The adder closely misses you.
You hit the adder but do no damage. The adder bites you.
* * * LOW HITPOINT WARNING * * *
You are more poisoned.
The adder poisons you! The adder bites you.
* * * LOW HITPOINT WARNING * * *
You closely miss the adder.
You die...

#.. #####...####.###
#. ###.....### #..#
.. #.).##.## ##.##
#...#..#..# #..#
#...####†##.# ##.#
...###..#..#.. #...
#. #....##.##.#
#...#. #
#..S..#..#..#...###.
#.@..##.##...###...
#..#.#...#.# #...#.
####...### #...####
#...### ..# #
#...### . # #.## #
#.


You could see an adder.

Vanquished Creatures
  An adder (D:2)
  2 ball pythons
  3 bats
  An endoplasm (D:2)
  4 giant cockroaches
  8 goblins
  A hobgoblin (D:1)
  A kobold (D:1)
  A frilled lizard (D:2)
  3 rats
25 creatures vanquished.

Notes
Turn   | Place    | Note
-------+----------+-------------------------------------------
     0 | D:1      | silky the Spriggan Warper began the quest for the Orb.
     0 | D:1      | Reached XP level 1. HP: 10/10 MP: 5/5
   197 | D:1      | Reached XP level 2. HP: 7/15 MP: 6/6
   311 | D:1      | Reached skill level 5 in Translocations
   683 | D:2      | Found a faded altar of an unknown god.
   693 | D:2      | Prayed at the altar of an unknown god.
   693 | D:2      | Became a worshipper of Ignis, the Dying Flame
  1032 | D:2      | Reached XP level 3. HP: 18/18 MP: 8/8
  1253 | D:2      | Succumbed to an adder's poison

Illustrated notes

Levels and vault maps discovered:
D:1:      ebering_trefoil_twist, layout_basic
D:2:      minmay_skewed_foursquare, layout_basic,
          shapermc_ecumenical_altar_totnotflames

Skill      XL: |  1  2 |
---------------+-------+-----
Translocations | 5 |  5.1
Fighting       | 2 |  2.0
Short Blades   | |  2.7
Throwing       | |  1.0
Dodging        | |  3.5
Spellcasting   | |  2.8

Action                   || total
-------------------------++-------
Melee: Short sword       ||   111
       Punch             ||     3
  Use: Scroll            ||     2
Armor: Robe              ||    11
Dodge: Dodged            ||    81
